AoeStats
← wubs

MegaRandom

507670119Analyzed
4v4 RM · 11d ago on Sep 19, 2026· 35m 56s· 8 players
Game mode
Random Map
Map size
Large (8 player)
Population
200
Speed
Normal
Resources
Standard
Victory
Conquest
Starting age
Dark Age
Ending age
Imperial Age
RankedLock teamsTeams togetherTeam positionsShared explorationLock speedFull tech treeHidden civsTurbo modeCheats
Victory
Defeat
🇬🇧 Bulgarians · United Kingdom
828
+4
🇫🇷 Tatars · France
791
+5
🇨🇿 Lithuanians · Czechia
768
+5
🇲🇽 Ethiopians · Mexico
655
+9
🇨🇦 Gurjaras · Canada
596
-9
🇺🇸 Armenians · United States
524
-6
🇺🇸 Bohemians · United States
464
-5
🇲🇽 Byzantines · Mexico
377
-3
DAZACO
14:48 Feudal Age
16:27 Double-Bit Axe
16:24 Horse Collar
16:20 Man-at-Arms
18:35 Arson
23:10 Bloodlines
23:42 Scale Barding Armor
23:48 Forging
23:40 Scale Mail Armor
30:24 Castle Age
31:39 Fishing Lines
33:04 Gold Mining
33:05 Stone Mining
jordanm708
Goku18996640
0:57 Loom
14:36 Feudal Age
16:04 Wheelbarrow
29:27 Double-Bit Axe
wubs
11:23 Feudal Age
13:24 Double-Bit Axe
23:04 Arson
28:43 Castle Age
27:23 Horse Collar
28:01 Scale Mail Armor
33:04 Squires
33:52 Pikeman
ISpillTheCoffee
6:14 Loom
10:08 Feudal Age
12:56 Town Watch
12:54 Horse Collar
13:20 Double-Bit Axe
24:08 Castle Age
23:34 Forging
23:31 Scale Barding Armor
24:13 Bloodlines
25:15 Wheelbarrow
24:35 Gold Mining
24:35 Stone Mining
25:24 Heavy Plow
31:27 Gold Shaft Mining
31:51 Bow Saw
34:02 Iron Casting
36:35 Chain Barding Armor
TruG-moto
0:49 Loom
21:12 Feudal Age
21:55 Town Watch
31:58 Castle Age
32:42 Town Patrol
34:25 Squires
36:33 Husbandry
Wota
1:36 Loom
12:17 Feudal Age
12:41 Horse Collar
16:58 Forging
16:58 Double-Bit Axe
23:45 Castle Age
22:20 Wheelbarrow
22:21 Bloodlines
22:18 Scale Barding Armor
25:44 Husbandry
33:56 Iron Casting
33:42 Chain Barding Armor
33:42 Hand Cart
33:52 Heavy Plow
33:19 Light Cavalry
34:51 Bow Saw
[CH-FR]Frog
11:04 Feudal Age
13:28 Bloodlines
13:57 Wheelbarrow
15:14 Double-Bit Axe
18:57 Forging
20:40 Scale Barding Armor
21:38 Gold Mining
26:43 Castle Age
25:00 Fletching
25:39 Padded Archer Armor
28:26 Light Cavalry
30:04 Husbandry
31:02 Ballistics
30:50 Bodkin Arrow
33:07 Leather Archer Armor
35:02 Hand Cart
36:27 Iron Casting
Connection lost

Rejoining the realm…

Still unreachable

The connection could not be restored.

Session expired

The server has moved on; the page needs a fresh start.